 Dungeon Crawl Stone Soup version 0.28-a0-1435-g82390b3a13 (webtiles) character file.

Game seed: 17288080494654571201

535 bande the Chopper (level 7, 0/44 HPs)
             Began as a Gargoyle Fighter on Jan 10, 2022.
             Slain by Crazy Yiuf (3 damage)
             ... on level 4 of the Dungeon.
             The game lasted 00:09:07 (3616 turns).

bande the Chopper (Gargoyle Fighter)                Turns: 3616, Time: 00:09:09

Health: 0/44       AC: 19    Str: 21    XL:     7   Next: 25%
Magic:  7/7        EV: 10    Int:  9    God:
Gold:   181        SH:  5    Dex: 11    Spells: 6/6 levels left

rFire   . . .      SeeInvis .   a - +0 war axe (vorpal)
rCold   + + .      Faith    .   c - +0 buckler
rNeg    + . .      Spirit   .   e - +2 ring mail of the Dropbear {rC+ Str+2}
rPois   ∞          Reflect  .   p - +0 helmet
rElec   +          Harm     .   b - +2 cloak
rCorr   .          Rampage  .   (no gloves)
Will    .....                   j - +1 pair of boots
Stlth   +.........              (no amulet)
HPRegen 0.14/turn               (no ring)
MPRegen 0.10/turn               (no ring)

@: hasted, very quick
A: sickness immunity, AC +4, negative energy resistance 1, electricity
resistance, torment resistance 1, petrification resistance, talons 1, cold
resistance 1, sense surroundings 1, MP-powered wands, sturdy frame 1
a: no special abilities


You were on level 4 of the Dungeon.
You visited 2 branches of the dungeon, and saw 5 of its levels.

You collected 181 gold pieces.

Inventory:

Hand Weapons
 a - a +0 vorpal war axe (weapon)
 o - a +0 flail
Missiles
 k - 2 throwing nets (quivered)
Armour
 b - a +2 cloak (worn)
 c - a +0 buckler (worn)
 e - the +2 ring mail of the Dropbear (worn) {rC+ Str+2}
   (You found it on level 2 of the Dungeon)

   Str:       It affects your strength (+2).
   rC:        It protects you from cold.
 j - a +1 pair of boots (worn)
 p - a +0 helmet (worn)
Jewellery
 n - an amulet of magic regeneration
 r - a ring of fire
Scrolls
 s - a scroll of identify
Potions
 d - a potion of berserk rage
 f - a potion of magic {unknown}
 g - a potion of flight {unknown}
 h - 3 potions of curing
 i - a potion of cancellation
 l - a potion of ambrosia {unknown}
 m - a potion of mutation
 q - a potion of lignification {unknown}


   Skills:
 + Level 4.6 Fighting
 + Level 5.3 Axes
 + Level 4.6 Armour
 + Level 4.4 Shields


You had 6 spell levels left.
You didn't know any spells.
Your spell library contained the following spells:

 Spells                   Type           Power      Damage    Failure   Level
 Freeze                   Ice            0%         1d3       54%         1
 Frozen Ramparts          Ice            0%         1d2       89%         3
 Hailstorm                Conj/Ice       0%         3d3       100%        4


Dungeon Overview and Level Annotations

Branches:
Dungeon (4/15)             Temple (1/1) D:4

Altars:
Ashenzari
Cheibriados
Dithmenos
Elyvilon
Fedhas
Kikubaaqudgha
Makhleb
Nemelex Xobeh
Qazlal
Ru
Sif Muna
Trog
Uskayaw
Wu Jian
Xom
Yredelemnul
Zin

Shops:
D:4 [

Annotations:
D:4 Crazy Yiuf


Innate Abilities, Weirdness & Mutations

You are immune to sickness and miasma.
Your stone body is resilient. (AC +4)
You are immune to poison.
You resist negative energy. (rN+)
You are resistant to electric shocks. (rElec)
You are resistant to unholy torment.
You are immune to petrification.
You have sharp toenails.
Your flesh is cold resistant. (rC+)
You passively map a small area around you.
You expend magic power (3 MP) to strengthen your wands.
Your movements are slightly less encumbered by armour. (ER -2)


Message History

No target in view!
Things that are here:
a +0 club; a goblin corpse You now have 181 gold pieces (gained 15).
Things that are here:
a +0 club; a goblin corpse
Found a hunting sling.
Found a stone staircase leading up.
Found Xamupad's Antique Armour Boutique.
Found a ring mail.
Found a stone staircase leading down.
There is an entrance to Xamupad's Antique Armour Boutique here.
You see here a +0 ring mail.
s - a scroll of identify
Found a stone staircase leading down.
There is a stone staircase leading down here.
Found a mace.
Found a runed translucent door.
Crazy Yiuf shouts!
Crazy Yiuf whimpers, "Citrus fast pizzabubble!"
Could not explore, unopened runed door.
You open the door.
Crazy Yiuf drinks a potion.
Crazy Yiuf goes berserk!
You block Crazy Yiuf's attack.
Crazy Yiuf hits you with a +2 quarterstaff of chaos.
There is an open translucent door here.
You slash Crazy Yiuf!
Crazy Yiuf is heavily wounded.
Crazy Yiuf hits you but does no damage.
Crazy Yiuf hits you with a +2 quarterstaff of chaos!
Crazy Yiuf freezes you.
You barely miss Crazy Yiuf.
Crazy Yiuf is heavily wounded.
Crazy Yiuf misses you.
Crazy Yiuf hits you with a +2 quarterstaff of chaos!
Crazy Yiuf burns you.
You closely miss Crazy Yiuf.
Crazy Yiuf is heavily wounded.
Crazy Yiuf hits you with a +2 quarterstaff of chaos!
* * * LOW HITPOINT WARNING * * *
You feel yourself speed up.
Crazy Yiuf hits you with a +2 quarterstaff of chaos.
You die...

#####.## ##
########......###.
###
#........#####.#.#
##.## ##########
#....## ##.#.##
#.#### ##.###.##
♣♣♣♣♣###.# #.##
##.# ####
♣♣♣.♣..#.#.#
#..###.##
#...#♣..♣.......#
#.#.#.##
#..g@.♣♣♣♣......#
#.##.######
#)..#♣♣ ♣♣.#..##
..........# ####
♣♣#### ........###
#.#..##.###
..#.......#####
###.###.####..# #
#.# #.####..## #.#
#........#


You could see Crazy Yiuf (berserk).

Vanquished Creatures
  Grinder (D:3)
  A water moccasin skeleton (D:3)
  An orc priest (D:3)
  Jessica (D:3)
  4 iguanas (D:4)
  An orc wizard (D:4)
  3 adders
  2 adder skeletons (D:4)
  A worm (D:2)
  2 dart slugs (D:2)
  5 orcs
  7 bats
  7 endoplasms
  4 giant cockroaches
  4 goblins
  7 hobgoblins
  4 jackals
  10 kobolds
  3 quokkas
  7 ball pythons
  7 rats
82 creatures vanquished.

Notes
Turn   | Place    | Note
-------+----------+-------------------------------------------
     0 | D:1      | bande the Gargoyle Fighter began the quest for the Orb.
     0 | D:1      | Reached XP level 1. HP: 14/14 MP: 1/1
   260 | D:1      | Reached XP level 2. HP: 19/19 MP: 2/2
   268 | D:1      | Reached skill level 2 in Axes
   628 | D:1      | Reached XP level 3. HP: 23/23 MP: 3/3
  1245 | D:2      | Gained mutation: You expend magic power (3 MP) to
                  | strengthen your wands. [potion of mutation]
  1245 | D:2      | Gained mutation: Your movements are slightly less
                  | encumbered by armour. (ER -2) [potion of mutation]
  1245 | D:2      | Gained mutation: Your flesh is cold resistant. (rC+)
                  | [potion of mutation]
  1245 | D:2      | Gained mutation: You have hidden genetic potential. [potion
                  | of mutation]
  1280 | D:2      | Identified the +2 ring mail of the Dropbear {rC+ Str+2}
  1753 | D:2      | Reached XP level 4. HP: 29/29 MP: 4/4
  1774 | D:2      | Found a faded altar of an unknown god.
  1932 | D:3      | Noticed Jessica
  1937 | D:3      | Reached skill level 3 in Axes
  1937 | D:3      | Gained mutation: You have sharp toenails. [hidden
                  | potential]
  1942 | D:3      | Killed Jessica
  2067 | D:3      | Reached XP level 5. HP: 33/33 MP: 5/5
  2069 | D:3      | Gained mutation: You passively map a small area around you.
                  | [hidden potential]
  2069 | D:3      | Lost mutation: You have hidden genetic potential. [hidden
                  | potential expressed]
  2094 | D:3      | Found a snail-covered altar of Cheibriados.
  2310 | D:3      | Noticed Grinder
  2333 | D:3      | Paralysed by Grinder for 3 turns
  2339 | D:3      | Killed Grinder
  2340 | D:3      | Reached skill level 4 in Axes
  2340 | D:3      | Reached XP level 6. HP: 16/39 MP: 6/6
  2745 | D:4      | Found a staircase to the Ecumenical Temple.
  2761 | D:4      | Reached skill level 5 in Axes
  2761 | D:4      | Reached XP level 7. HP: 40/44 MP: 7/7
  2783 | Temple   | Entered the Ecumenical Temple
  3464 | D:4      | Found Xamupad's Antique Armour Boutique.
  3519 | D:4      | Found a runed translucent door.
  3520 | D:4      | Noticed Crazy Yiuf
  3616 | D:4      | Slain by Crazy Yiuf

Illustrated notes

Levels and vault maps discovered:
D:1:      shiori_arrival_elements, layout_basic, minmay_misc_feat_square,
          minmay_pentomino_t2
D:2:      wad_pebble_path, layout_basic, shapermc_ecumenical_altar_notcrosses,
          dk_vineyard_1, minmay_misc_feat_room, chequers_serial_rivers_marsh,
          kennysheep_generic_room_12
D:3:      layout_rooms, nicolae_overflow_crystal_walls, uniq_jessica,
          uniq_grinder
D:4:      layout_loops_ring, minmay_temple_entry_ruins, serial_shops,
          nicolae_stop_n_shop_1, amcnicky_mini_pool_small,
          uniq_crazy_yiuf_cottage
Temple:   eino_temple_scatter_basement

Skill      XL: |  1  2  3  4  5  6 |
---------------+-------------------+-----
Axes           | 2 3 4 5 |  5.3
Armour         | 4 |  4.6
Shields        | 4 |  4.4
Fighting       | 4 |  4.6

Action                   |  1- 3 |  4- 6 |  7- 9 || total
-------------------------+-------+-------+-------++-------
Melee: War axe           |   104 |    87 |    26 ||   217
  Use: Scroll            |     4 |     2 |     3 ||     9
       Potion            |     1 |     1 |       ||     2
Armor: Scale mail        |    49 |       |       ||    49
       Ring mail         |     9 |    64 |    13 ||    86
Dodge: Dodged            |    48 |    42 |     6 ||    96
Block: Buckler           |    29 |    18 |     1 ||    48

Table legend: (Time is in decaauts)
 A = Elapsed time spent in this place.
 B = Non-inter-level travel time spent in this place.
 C = Inter-level travel time spent in this place.
 D = Time resting spent in this place.
 E = Time spent auto-exploring this place.
 F = Levels seen in this place.
 G = Mean time per level.
                   A        B        C        D        E       F      G
               +--------+--------+--------+--------+--------+-----+--------+
         Total |   3703 |   3662 |     41 |    603 |   2288 |   5 |  740.6 |
       Dungeon |   3417 |   3376 |     41 |    603 |   2051 |   4 |  854.2 |
        Temple |    285 |    285 |      0 |      0 |    237 |   1 |  285.0 |
               +--------+--------+--------+--------+--------+-----+--------+

Top non-repeatable levels by time:
     D:1: 1272 daAuts
     D:3: 822 daAuts
     D:2: 678 daAuts
     D:4: 644 daAuts
  Temple: 285 daAuts
